 Dungeon Crawl Stone Soup version 0.29.1-15-g9cfb28693d (webtiles) character file.

Game seed: 17665654257550040196

1260 Peloso the Covered (level 8, -5/70 HPs)
             Began as a Minotaur Fighter on Mar 14, 2023.
             Killed by divine providence
             ... invoked by an orc priest
              (17 damage)
             ... on level 6 of the Dungeon.
             The game lasted 00:06:30 (5064 turns).

Peloso the Covered (Minotaur Fighter)               Turns: 5064, Time: 00:06:31

Health: -5/70      AC: 13    Str: 21    XL:     8   Next: 27%
Magic:  7/7        EV:  6    Int:  5    God:
Gold:   204        SH:  0    Dex: 12    Spells: 7/7 levels left

rFire   . . .      SeeInvis .   a - +1 long sword
rCold   + . .      Faith    .   d - +0 buckler
rNeg    + . .      Spirit   .   o - +0 plate armour
rPois   .          Reflect  .   (helmet restricted)
rElec   .          Harm     .   (no cloak)
rCorr   .          Rampage  .   (no gloves)
Will    .....                   (no boots)
Stlth   ..........              (no amulet)
HPRegen 0.21/turn               j - ring of positive energy
MPRegen 0.10/turn               s - ring of protection from cold

@: confused, lethally poisoned (-5 -> -13)
A: horns 2, retaliatory headbutt
a: no special abilities


You were on level 6 of the Dungeon.
You visited 1 branch of the dungeon, and saw 6 of its levels.

You collected 204 gold pieces.

Inventory:

Hand Weapons
 a - a +1 long sword (weapon)
Armour
 b - a +0 scale mail
 c - a +0 chain mail
 d - a +0 buckler (worn)
 o - a +0 plate armour (worn)
Jewellery
 j - a ring of positive energy (left hand)
 q - a ring of wizardry
 s - a ring of protection from cold (right hand)
 u - a ring of protection from fire
Wands
 n - a wand of polymorph (3)
 y - a wand of quicksilver (7)
Scrolls
 e - a scroll of enchant weapon
 h - 3 scrolls of amnesia
 m - 2 scrolls of immolation {unknown}
 p - a scroll of fog {unknown}
 x - 2 scrolls of enchant armour {unknown}
Potions
 f - a potion of might
 g - 3 potions of mutation
 i - a potion of invisibility {unknown}
 k - a potion of flight {unknown}
 l - a potion of cancellation {unknown}
 r - 2 potions of brilliance
 v - a potion of attraction {unknown}
 w - a potion of curing {unknown}


   Skills:
 + Level 6.0 Fighting
 + Level 7.5 Long Blades
 + Level 7.7 Armour
 + Level 1.0 Dodging
 + Level 0.1 Stealth
 + Level 5.8 Shields


You had 7 spell levels left.
You didn't know any spells.
Your spell library contained the following spells:

 Spells                   Type           Power      Damage    Failure   Level
 Call Canine Familiar     Summ           0%         N/A       100%        3
 Gell's Gravitas          Tloc           0%         N/A       100%        3
 Lesser Beckoning         Tloc           0%         N/A       100%        3
 Portal Projectile        Hex/Tloc       0%         N/A       100%        3
 Teleport Other           Tloc           0%         N/A       100%        3
 Leda's Liquefaction      Hex/Erth       0%         N/A       100%        4


Dungeon Overview and Level Annotations

Branches:
Dungeon (6/15)
 Temple: D:4-7

Altars:
Ru
The Shining One

Annotations:
D:3 3 runed translucent doors, ripuliukko's ghost, weakling GrEE


Innate Abilities, Weirdness & Mutations

You have a pair of horns on your head.
You reflexively headbutt those who attack you in melee.


Message History

The orc priest is lightly wounded.
The orc priest hits you but does no damage.
The orc warrior barely misses you.
You closely miss the orc priest. You headbutt the orc priest.
The orc priest is moderately wounded.
The orc priest hits you but does no damage.
The orc priest mumbles some strange prayers to Beogh against you.
Beogh smites you! The orc warrior barely misses you.
You hit the orc priest. You headbutt the orc priest!
The orc priest is almost dead.
The orc priest invokes the aid of Beogh against you.
Pain shoots through your body!
The orc priest mumbles some strange prayers to Beogh against you.
Beogh smites you! You block the orc warrior's attack.
You closely miss the orc priest.
The orc priest is almost dead.
The orc priest looks encouraged for a moment.
The orc priest begins to cast a cantrip, but forgets the words!
The orc warrior hits you from afar with a +0 glaive!
* * * LOW HITPOINT WARNING * * *
You closely miss the orc priest. You headbutt the orc priest.
You kill the orc priest!
The orc warrior hits you from afar with a +0 glaive.
* * * LOW HITPOINT WARNING * * *
You closely miss the orc wizard.
The orc wizard gestures at you while chanting.
You are confused.
The orc warrior barely misses you.
Unknown command.
You hit the orc wizard.
The orc wizard is moderately wounded.
The orc wizard hits you but does no damage.
You are poisoned.
The orc warrior hits you but does no damage.
Unknown command.
You bump into the rock wall.
You feel very sick.
The orc priest invokes the aid of Beogh against you.
Beogh smites you!
You die...

.#.?..... o#
......#. o ......
. ###....##.## #.
#........#o.# #.#
#.#.# .......
...#.#.####o#.#
#.#.#.#.@oo..#
....#.#.##o#.#
#.#<..#.##.#.#
#.#...#.##.#.#
####.#......#.#..
#..........##.#..
#......##..##.#...
#...........#.#..>
#......#.#### ###


You could see an orc warrior, 2 orc priests and an orc wizard.

Vanquished Creatures
  A hornet (D:5)
  A wyvern (D:5)
  3 ice beasts
  An ogre (D:5)
  A phantom (D:3)
  2 bullfrogs
  A scorpion (D:5)
  2 orc priests
  2 hounds
  An orc wizard (D:5)
  2 iguanas
  3 adders
  2 shadow imps (D:5)
  2 ufetubi
  A worm (D:3)
  A dart slug (D:2)
  7 orcs (D:5)
  3 endoplasms (D:1)
  2 goblins (D:1)
  5 hobgoblins
  7 kobolds
  3 quokkas
  6 ball pythons (D:1)
  2 bats (D:2)
  5 frilled lizards
  A rat (D:3)
67 creatures vanquished.

Notes
Turn   | Place    | Note
-------+----------+-------------------------------------------
     0 | D:1      | Peloso the Minotaur Fighter began the quest for the Orb.
     0 | D:1      | Reached XP level 1. HP: 19/19 MP: 0/0
   116 | D:1      | Found a faded altar of an unknown god.
   229 | D:1      | Reached XP level 2. HP: 27/27 MP: 1/1
  1046 | D:2      | Reached XP level 3. HP: 28/33 MP: 2/2
  1896 | D:3      | Reached XP level 4. HP: 40/40 MP: 3/3
  2075 | D:3      | Found a runed translucent gate.
  2076 | D:3      | Found a runed translucent gate.
  2077 | D:3      | Found a runed translucent gate.
  2083 | D:3      | Noticed ripuliukko's ghost (weakling GrEE)
  2515 | D:4      | Noticed a phantom
  2515 | D:4      | Noticed an ogre
  2586 | D:3      | Killed a phantom
  2587 | D:3      | Reached XP level 5. HP: 22/47 MP: 4/4
  2793 | D:4      | Reached skill level 5 in Fighting
  2793 | D:4      | Reached skill level 5 in Armour
  2805 | D:5      | Entered Level 5 of the Dungeon
  2812 | D:5      | Reached XP level 6. HP: 56/56 MP: 5/5
  2814 | D:5      | Reached skill level 5 in Shields
  2833 | D:5      | Found a glowing golden altar of the Shining One.
  2843 | D:5      | Noticed a wyvern
  2857 | D:5      | Killed a wyvern
  2858 | D:5      | Reached skill level 5 in Long Blades
  3101 | D:5      | Noticed an ice beast
  3128 | D:5      | Killed an ice beast
  3129 | D:5      | Reached XP level 7. HP: 47/61 MP: 6/6
  3438 | D:5      | Noticed a hornet
  3443 | D:5      | Paralysed by a hornet for 1 turns
  3448 | D:5      | Killed a hornet
  3454 | D:5      | HP: 3/62 [poisoned by a hornet]
  4368 | D:5      | Reached XP level 8. HP: 17/70 MP: 7/7
  4679 | D:5      | Found a sacrificial altar of Ru.
  5056 | D:6      | Reached skill level 1 in Dodging
  5064 | D:6      | Killed from afar by an orc priest

Illustrated notes

Levels and vault maps discovered:
D:1:      scummos_arrival_forest, layout_basic,
          hellmonk_ecumenical_altar_crossroads
D:2:      layout_loops_ring, hangedman_abyss_or_decor_stabs, st_stairs_8
D:3:      layout_basic, ebering_ghost_rock_garden, item_on_display_a
D:4:      layout_loops_ring, grunt_decor_resistance, uniq_eustachio
D:5:      layout_basic, nicolae_ru_path_of_blood,
          mainiacjoe_overflow_six_doors_small
D:6:      layout_basic, roderic_nine_men_s_morris

Skill      XL: |  1  2  3  4  5  6  7  8 |
---------------+-------------------------+-----
Armour         | 4 5 7 |  7.7
Shields        | 4 5 |  5.8
Fighting       | 4 5 6 |  6.0
Long Blades    | 3 4 5 7 |  7.5
Dodging        | 1 |  1.0
Stealth        | |  0.1

Action                   |  1- 3 |  4- 6 |  7- 9 || total
-------------------------+-------+-------+-------++-------
Melee: Long sword        |    66 |    90 |    89 ||   245
       Headbutt          |     7 |    14 |    19 ||    40
  Use: Scroll            |     5 |       |     1 ||     6
       Potion            |       |       |     1 ||     1
Armor: Scale mail        |     5 |       |       ||     5
       Chain mail        |    36 |       |       ||    36
       Plate armour      |       |    57 |    59 ||   116
Dodge: Dodged            |    19 |    30 |    33 ||    82
Block: Buckler           |    10 |    16 |    26 ||    52
